 Dungeon Crawl Stone Soup version 0.31-a0-66-ge618eeaa78 (webtiles) character file.

Game seed: 2729489398646089097

60 lunkers the Cudgeller (level 4, -2/33 HPs)
             Began as a Meteoran Wanderer on May 22, 2023.
             Slain by a black bear (3 damage)
             ... on level 3 of the Dungeon on May 23, 2023.
             The game lasted 00:03:39 (1055 turns).

lunkers the Cudgeller (Meteoran Wanderer)           Turns: 1055, Time: 00:03:39

Health: -2/33      AC:  9    Str: 15    XL:     4   Next: 48%
Magic:  7/7        EV: 10    Int: 13    God:
Gold:   132        SH:  0    Dex: 14    Spells: 4/5 levels left

rFire   . . .        a - +0 mace
rCold   . . .        (no shield)
rNeg    . . .        n - +0 acid dragon scales
rPois   .            (no helmet)
rElec   .            (no cloak)
rCorr   +            (no gloves)
SInv    .            o - +1 pair of boots
Will    .....        j - amulet of the acrobat
Stlth   +            (no ring)
HPRegen 0.25/turn    (no ring)
MPRegen 0.10/turn

%: acrobat
@: glowing
A: sense surroundings 1, otherworldly, glowing, explore regen
a: no special abilities


You were on level 3 of the Dungeon.
You visited 1 branch of the dungeon, and saw 4 of its levels.

You collected 132 gold pieces.

Inventory:

Hand Weapons
 a - a +0 mace (weapon)
 k - a +1 dagger of protection
Armour
 n - +0 acid dragon scales (worn)
 o - a +1 pair of boots (worn)
Jewellery
 j - an amulet of the acrobat (around neck)
Scrolls
 i - 5 scrolls of identify {unknown}
 l - a scroll of enchant armour {unknown}
 m - a scroll of noise {unknown}
Potions
 c - a potion of heal wounds
 e - a potion of haste {unknown}
 f - 2 potions of degeneration {unknown}
 g - a potion of resistance {unknown}
 h - 3 potions of brilliance {unknown}
Miscellaneous
 b - a piece from Xom's chessboard (15/15)


   Skills:
 + Level 5.6 Maces & Flails
 - Level 3.6 Armour
 - Level 1.3 Spellcasting
 - Level 2.4 Translocations
 - Level 1.2 Invocations
 - Level 1.2 Evocations


You had 4 spell levels left.
You knew the following spells:

 Your Spells              Type           Power      Damage    Failure   Level
p - Apportation           Tloc           14%        N/A       14%         1

Your spell library contained the following spells:

 Spells                   Type           Power      Damage    Failure   Level
 Gell's Gravitas          Tloc           7%         N/A       38%         3
 Portal Projectile        Hex/Tloc       6%         N/A       58%         3
 Tukima's Dance           Hex            0%         N/A       73%         3
 Hailstorm                Conj/Ice       0%         3d3       77%         3
 Ice Form                 Ice/Tmut       0%         N/A       99%         4
 Blade Hands              Tmut           0%         N/A       100%        5
 Freezing Cloud           Conj/Ice/Air   0%         6-21      100%        5
 Iskenderun's Battlesphe  Conj           0%         2d6       100%        5
 Conjure Ball Lightning   Conj/Air       0%         3x3d6     100%        6
 Simulacrum               Ice/Necr       0%         N/A       100%        6
 Orb of Destruction       Conj           0%         9d5       100%        7
 Discord                  Hex            0%         N/A       100%        8
 Disjunction              Tloc           3%         N/A       100%        8


Dungeon Overview and Level Annotations

Branches:
Dungeon (4/15) Zot: 1322
 Temple: D:4-7

Altars:

Shops:
D:2 *


Innate Abilities, Weirdness & Mutations

You passively map a small area around you.
You are easily found by Zot.
You glow in the dark.
You regain HP and MP as you explore.


Message History

You hit the black bear.
The black bear is moderately wounded.
The black bear barely misses you.
The black bear claws you but does no damage. x2
You hit the black bear.
The black bear is moderately wounded.
The black bear bites you. The black bear claws you.
* * * LOW HITPOINT WARNING * * *
The black bear claws you but does no damage.
You hit the black bear.
The black bear is heavily wounded.
The black bear bites you.
* * * LOW HITPOINT WARNING * * *
The black bear claws you but does no damage.
The black bear claws you.
* * * LOW HITPOINT WARNING * * *
The black bear bites you but does no damage.
The black bear claws you.
* * * LOW HITPOINT WARNING * * *
The black bear claws you but does no damage.
You hit the black bear.
The black bear is severely wounded.
The black bear bites you but does no damage.
The black bear misses you. The black bear claws you.
* * * LOW HITPOINT WARNING * * *
You barely miss the black bear.
The black bear is severely wounded.
The black bear goes berserk!
Unknown command.
You closely miss the black bear.
The black bear is severely wounded.
The black bear bites you but does no damage.
The black bear claws you.
* * * LOW HITPOINT WARNING * * *
The black bear claws you.
* * * LOW HITPOINT WARNING * * *
You barely miss the black bear.
The black bear is severely wounded.
The black bear bites you.
You die...

#.. ... *#...# #.# , ....
#...### #.#**
....##.....# #.#
.........#.# #.#
........##.#### #.#
#########........#
#.###...## #..#.....#
#.##.....## #........#
#.#..@....# #.........
#.#.h.....###^........
#.#..[........†.).[...
####.##...<..........>...
#.............#..........
#.##.#.......#...........
####.#.......#.#.........
#.##........#.........
#.#.....#####.........


You could see a black bear (berserk).

Vanquished Creatures
  2 adders
  2 worms (D:3)
  A dart slug (D:2)
  3 bats
  7 endoplasms
  7 goblins
  3 hobgoblins
  A quokka (D:1)
  4 ball pythons
  A frilled lizard (D:3)
31 creatures vanquished.

Notes
Turn   | Place    | Note
-------+----------+-------------------------------------------
     0 | D:1      | lunkers the Meteoran Wanderer began the quest for the Orb.
     0 | D:1      | lunkers set off with the following items: a +0 mace, a
                  | piece from Xom's chessboard (15/15), a potion of heal
                  | wounds, a +0 robe; and the following spell memorised:
                  | Apportation; and the following spells available to
                  | memorise: Gell's Gravitas, Portal Projectile.
     0 | D:1      | Reached XP level 1. HP: 14/14 MP: 3/3
    34 | D:1      | Reached skill level 3 in Maces & Flails
    45 | D:1      | Reached XP level 2. HP: 14/20 MP: 5/5
    88 | D:1      | Got the Incunabulum of Combat Magic
   347 | D:1      | Reached skill level 4 in Maces & Flails
   443 | D:2      | Reached XP level 3. HP: 23/26 MP: 6/6
   560 | D:2      | Reached skill level 5 in Maces & Flails
   625 | D:2      | Found Goici's Assorted Antiques.
   695 | D:3      | Reached XP level 4. HP: 24/33 MP: 7/7
  1037 | D:4      | Noticed a phantom
  1037 | D:4      | Noticed a black bear
  1054 | D:3      | HP: 1/33 [black bear (5)]
  1055 | D:3      | Slain by a black bear

Illustrated notes

Levels and vault maps discovered:
D:1:      nagdon_arrival_zigzag_paths, layout_basic
D:2:      layout_basic, serial_shops, nicolae_shop_tiny_waterfront,
          hangedman_feature_mirror, hex_medium, minmay_mini_jars
D:3:      layout_rooms
D:4:      layout_layer_cave, tso_oasis_becter,
          nicolae_gozag_cash_rules_everything_around_me,
          nicolae_qazlal_eye_of_the_storm

Skill      XL: |  1  2  3 |
---------------+----------+-----
Maces & Flails | 3 4 5 |  5.6
Armour         | |  3.6
Spellcasting   | |  1.3
Translocations | |  2.4
Invocations    | |  1.2
Evocations     | |  1.2

Action                     |  1- 3 |  4- 6 || total
---------------------------+-------+-------++-------
  Melee: Mace              |    82 |    37 ||   119
 Armour: Robe              |    14 |     1 ||    15
         Acid dragon scale |       |    31 ||    31
  Dodge: Dodged            |    43 |    15 ||    58

Table legend: (Time is in decaauts)
 A = Elapsed time spent in this place.
 B = Non-inter-level travel time spent in this place.
 C = Inter-level travel time spent in this place.
 D = Time resting spent in this place.
 E = Time spent auto-exploring this place.
 F = Levels seen in this place.
 G = Mean time per level.
                   A        B        C        D        E       F      G
               +--------+--------+--------+--------+--------+-----+--------+
         Total |   1076 |   1049 |     27 |      0 |    677 |   4 |  269.0 |
       Dungeon |   1076 |   1049 |     27 |      0 |    677 |   4 |  269.0 |
               +--------+--------+--------+--------+--------+-----+--------+

Top non-repeatable levels by time:
     D:1: 404 daAuts
     D:3: 379 daAuts
     D:2: 287 daAuts
     D:4: 5 daAuts
